Map: Prion Terraces

Players

Rodzyn - Winner!

  • Race: Protoss Protoss
  • League: Master

Miszu

  • Race: Terran Terran
  • League: Master

VOD

Have the link to the VOD?

Description

Time

  • Played on: April 3, 2016, 7:53 a.m.
  • Length: 12:37
Show
View Real Time Build Order
Export as new Build Order

Rodzyn Protoss - Winner!

Build Orders: 1 Gate Expand 

Get SALT Encoding   

  12  0:01  Probe (Chrono Boost)  
  13  0:11  Probe (Chrono Boost)  
  14  0:17  Pylon  
  14  0:22  Probe (Chrono Boost)  
  15  0:36  Gateway, Probe (Chrono Boost)  
  16  0:45  Assimilator  
  16  0:46  Probe (Chrono Boost)  
  18  0:57  Probe (Chrono Boost)  
  18  1:07  Probe (Chrono Boost)  
  19  1:18  Probe (Chrono Boost)  
  20  1:24  Nexus  
  20  1:35  Cybernetics Core  
  20  1:39  Probe (Chrono Boost)  
  21  1:44  Assimilator  
  21  1:52  Pylon  
  21  1:55  Probe (Chrono Boost)  
  22  2:07  Probe (Chrono Boost)  
  23  2:11  Stalker (Chrono Boost)  
  23  2:13  Warp Gate  
  25  2:18  Probe  
  26  2:31  Probe  
  26  2:33  Mothership Core  
  29  2:41  Stalker (Chrono Boost)  
  29  2:43  Probe  
  32  2:55  Robotics Facility  
  32  2:57  Probe  
  33  3:07  Stalker (Chrono Boost)  
  35  3:24  Gateway  
  35  3:28  Gateway  
  35  3:32  Pylon  
  35  3:33  Stalker (Chrono Boost), Probe  
  36  3:38  Probe  
  39  3:42  Observer (Chrono Boost)  
  39  3:45  Probe  
  41  3:50  Twilight Council  
  41  3:52  Probe (Chrono Boost)  
  42  3:58  Probe (Chrono Boost)  
  42  4:01  Observer (Chrono Boost)  
  44  4:04  Probe (Chrono Boost)  
  44  4:09  Probe (Chrono Boost)  
  46  4:12  Gateway  
  46  4:15  Probe (Chrono Boost)  
  47  4:18  Stalker  
  47  4:20  Probe (Chrono Boost)  
  49  4:25  Probe (Chrono Boost)  
  49  4:30  Probe (Chrono Boost)  
  49  4:36  Warp Prism, Probe (Chrono Boost)  
  52  4:46  Pylon  
  52  4:49  Probe (Chrono Boost)  
  52  4:50  Blink (Chrono Boost), Pylon  
  53  4:59  Pylon  
  53  5:03  Probe  
  53  5:05  Stalker x2  
  58  5:11  Probe  
  58  5:16  Probe  
  58  5:18  Assimilator  
  58  5:19  Assimilator  
  59  5:21  Pylon  
  59  5:23  Stalker  
  59  5:24  Probe (Chrono Boost)  
  59  5:28  Probe (Chrono Boost)  
  61  5:43  Stalker  
  61  5:45  Probe (Chrono Boost)  
  61  5:47  Nexus, Probe (Chrono Boost)  
  65  5:56  Probe (Chrono Boost)  
  66  5:59  Probe (Chrono Boost)  
  67  6:06  Probe (Chrono Boost)  
  67  6:10  Stalker x3  
  75  6:11  Probe (Chrono Boost)  
  75  6:17  Probe (Chrono Boost)  
  76  6:29  Templar Archives  
  76  6:34  Charge  
  76  6:35  Gateway  
  76  6:36  Pylon  
  76  6:37  Probe (Chrono Boost)  
  76  6:39  Gateway  
  78  6:40  Probe (Chrono Boost)  
  78  6:41  Pylon  
  78  6:47  Forge  
  78  6:50  Probe (Chrono Boost)  
  78  6:51  Pylon  
  78  6:53  Zealot  
  81  6:55  Pylon  
  81  6:59  Stalker  
  83  7:01  Psionic Storm  
  83  7:06  Stalker x2  
  87  7:19  Protoss Ground Weapons Level 1 (Chrono Boost)  
  86  7:32  Observer  
  86  7:46  Probe x2  
  86  7:47  Probe  
  86  7:49  High Templar x2, Assimilator  
  86  7:50  Assimilator  
  86  7:51  Zealot  
  95  7:53  Pylon  
  95  7:54  High Templar  
  95  7:55  Zealot x2  
  95  7:58  Probe  
  102  7:59  Probe x2  
  104  8:10  Probe  
  103  8:14  Zealot  
  103  8:15  Probe x2  
  107  8:20  Gateway  
  107  8:22  Probe  
  107  8:23  Gateway  
  107  8:24  High Templar, Gateway, Zealot x3  
  107  8:25  Gateway, Pylon  
  116  8:28  Photon Cannon  
  116  8:29  Photon Cannon  
  116  8:31  Observer  
  116  8:43  High Templar, Zealot  
  116  8:48  Robotics Facility, Nexus  
  120  8:49  Pylon  
  120  8:51  Forge  
  120  8:54  High Templar, Zealot  
  124  9:01  Protoss Ground Armor Level 1 (Chrono Boost)  
  124  9:04  Stalker x3  
  130  9:10  Warp Prism  
  132  9:17  Zealot x3  
  138  9:30  Stalker x2  
  138  9:31  Stalker x4  
  146  9:34  Zealot  
  152  9:41  Zealot x3  
  152  9:52  Archon  
  94  10:01  Zealot x7  
  94  10:02  High Templar x2, Zealot  
  94  10:05  Immortal  
  118  10:12  Probe x3  
  121  10:15  Probe  
  122  10:24  Probe  
  123  10:28  High Templar  
  123  10:29  Stalker x3  
  123  10:33  High Templar  
  123  10:34  High Templar  
  135  10:38  Zealot x2  
  135  10:39  Zealot  
  135  10:41  Protoss Ground Weapons Level 2 (Chrono Boost)  
  141  10:55  Zealot x3  
  141  10:56  Zealot  
  145  11:00  Zealot x3  
  145  11:05  Zealot  
  137  11:20  Zealot x6  
  137  11:21  Zealot  
  145  11:26  High Templar x3  
  145  11:29  Assimilator x2  
  135  11:40  Zealot x2  
  135  11:41  Zealot x5  
  137  11:57  Nexus  
  135  12:09  Stalker x5  
  135  12:10  Zealot x4  
  135  12:12  High Templar  
Show
View Real Time Build Order
Export as new Build Order

Miszu Terran 

Build Orders: 1/1/1, Liberator Opening, MMM Bio 

Get SALT Encoding   

  12  0:01  SCV  
  13  0:13  SCV  
  14  0:17  Supply Depot  
  14  0:25  SCV  
  15  0:39  SCV  
  15  0:41  Barracks  
  16  0:43  Refinery  
  16  0:51  SCV  
  17  1:03  SCV  
  18  1:09  Refinery  
  18  1:16  SCV  
  19  1:30  Orbital Command  
  19  1:32  Marine  
  20  1:37  Supply Depot  
  20  1:43  Factory  
  20  1:52  Marine  
  21  1:56  SCV  
  21  2:01  Supply Depot  
  23  2:08  SCV  
  23  2:10  Marine  
  24  2:20  SCV  
  25  2:28  Marine, Widow Mine  
  25  2:29  Starport  
  28  2:32  SCV  
  29  2:39  Supply Depot  
  29  2:44  SCV  
  29  2:45  Marine  
  31  2:56  Widow Mine, SCV  
  34  3:03  Supply Depot  
  34  3:06  Medivac  
  34  3:09  Marine, SCV  
  38  3:21  SCV  
  38  3:25  Factory Tech Lab  
  38  3:26  Liberator  
  39  3:31  Marine  
  39  3:33  SCV  
  41  3:36  Command Center  
  41  3:45  SCV  
  41  3:47  Siege Tank  
  48  3:52  Barracks Reactor  
  48  3:57  Supply Depot, SCV  
  49  4:09  SCV  
  50  4:21  SCV  
  50  4:24  Siege Tank  
  51  4:33  SCV  
  51  4:36  Marine x2  
  54  4:38  Starport Reactor  
  54  4:39  Barracks  
  54  4:40  Barracks  
  54  4:45  SCV  
  54  4:47  Orbital Command  
  55  4:54  Marine x2  
  55  4:57  Bunker, SCV  
  58  5:11  Marine  
  58  5:12  Marine, SCV  
  60  5:15  SCV  
  60  5:18  Refinery  
  58  5:26  Engineering Bay  
  58  5:27  Barracks Tech Lab, Barracks x2  
  58  5:29  SCV  
  58  5:32  Marine x2  
  58  5:35  Barracks Tech Lab, Medivac  
  64  5:36  Medivac  
  66  5:42  SCV  
  66  5:51  Marine x2, Marauder  
  66  5:53  Stimpack  
  66  5:55  Marine  
  71  5:57  Refinery  
  71  6:00  Supply Depot  
  71  6:01  Supply Depot  
  71  6:09  Marine  
  71  6:11  Marine  
  73  6:13  Command Center  
  73  6:14  Terran Infantry Weapons Level 1  
  73  6:15  Barracks Reactor  
  73  6:16  Barracks Tech Lab  
  73  6:17  Marine  
  74  6:24  Supply Depot x2  
  74  6:25  SCV  
  75  6:29  Marauder  
  75  6:32  Missile Turret  
  77  6:33  Liberator  
  77  6:36  Missile Turret  
  77  6:38  Combat Shields  
  77  6:43  SCV x2  
  77  6:45  Marine  
  77  6:46  Liberator  
  83  6:55  SCV  
  83  6:56  Marine  
  83  6:57  Marine x2  
  87  7:01  Supply Depot  
  87  7:04  Marine  
  87  7:06  Marine  
  87  7:07  Marine  
  93  7:09  Marine  
  94  7:17  Marine x2  
  94  7:21  Marine  
  94  7:22  Marine  
  96  7:26  Marine  
  95  7:32  Liberator  
  95  7:33  Liberator  
  94  7:41  Marine, Marauder  
  94  7:42  Marine x4  
  94  7:43  Orbital Command  
  94  7:44  Marine  
  94  7:46  Concussive Shells  
  101  7:59  Marine x3  
  101  8:00  Marine, Marauder  
  106  8:08  Terran Infantry Armor Level 1  
  108  8:13  Marauder x2  
  108  8:14  Siege Tank  
  108  8:15  Liberator  
  113  8:21  Marauder  
  115  8:29  Marine  
  115  8:31  Marine x2  
  123  8:34  Marauder x2  
  123  8:38  Orbital Command  
  125  8:46  SCV  
  126  8:51  Marine x4, Marauder  
  126  8:52  Siege Tank  
  126  8:55  Marine x2  
  137  9:09  Marine x4  
  141  9:12  Bunker  
  141  9:32  Marine  
  141  9:35  Marine  
  141  9:36  Marine x2  
  141  9:38  Marauder  
  141  9:39  Marauder  
  141  9:46  Marauder  
  141  9:50  Marine  
  100  9:52  Marine  
  100  9:54  Marine x2  
  100  9:59  Marauder  
  79  10:00  Marauder  
  79  10:01  Medivac x2  
  79  10:06  SCV x3  
  82  10:08  Marine, Marauder, Armory  
  82  10:09  Engineering Bay  
  82  10:10  Marine  
  82  10:12  Marine x2  
  88  10:18  SCV x3  
  88  10:21  Marauder  
  93  10:22  Marauder, Missile Turret  
  93  10:26  Liberator  
  95  10:28  Barracks  
  95  10:29  Barracks, Marauder  
  95  10:31  Medivac, SCV x2  
  101  10:42  Marauder  
  103  10:43  Refinery  
  103  10:44  Refinery  
  103  10:45  Marine x3  
  103  10:48  Marine x2  
  111  10:50  Marine  
  111  10:53  Supply Depot  
  112  11:02  Marine  
  112  11:04  Marine, Marauder  
  113  11:05  Marine  
  113  11:06  Marine  
  113  11:07  Marauder  
  113  11:08  Marauder  
  91  11:20  Marine  
  91  11:22  Marine  
  91  11:25  Marauder  
  88  11:28  Marauder  
  88  11:30  Marauder  
  81  11:46  Marauder  
  81  11:49  Marauder  
  81  11:51  Marine x2, Marauder  
  79  12:06  Orbital Command  
  79  12:08  Marauder  
Tags
 
Add a new tag
Caveats
  • Supply blocks, unpowered buildings, or Contaminate may cause inaccurate times.
  • Supply counts are checked every 10 seconds.